 Dungeon Crawl Stone Soup version 0.23.2-1-ga50397a (webtiles) character file.

Game seed: 2608268262119932037

107 doot the Digger (level 5, 0/35 HPs)
             Began as a Formicid Earth Elementalist on May 16, 2019.
             Slain by an adder (1 damage)
             ... on level 3 of the Dungeon.
             The game lasted 00:06:36 (1950 turns).

doot the Digger (Formicid Earth Elementalist)       Turns: 1950, Time: 00:06:38

Health: 0/35       AC:  2    Str: 13    XL:     5   Next: 11%
Magic:  1/9        EV: 12    Int: 15    God:
Gold:   74         SH:  0    Dex: 11    Spells: 6/10 levels left

rFire    . . .     SeeInvis +   a - +0 mace
rCold    . . .     Gourm    .   (no shield)
rNeg     . . .     Faith    .   c - +0 robe
rPois    .         Spirit   .   (helmet unavailable)
rElec    .         Reflect  .   (no cloak)
rCorr    .         Harm     .   (no gloves)
MR       .....                  (no boots)
Stlth    ++........             (no amulet)
HPRegen  0.11/turn              (no ring)
MPRegen  0.11/turn              (no ring)

@: lethally poisoned (0 -> -8)
A: permanent stasis, dig shafts and tunnels, four strong arms, antennae 3
a: Dig, Shaft Self


You were on level 3 of the Dungeon.
You were not hungry.

You visited 1 branch of the dungeon, and saw 3 of its levels.

You collected 74 gold pieces.

Inventory:

Hand Weapons
 a - a +0 mace (weapon)
Armour
 c - a +0 robe (worn)
Scrolls
 g - a scroll of fog {unknown}
 h - 3 scrolls of teleportation
 i - a scroll of identify {unknown}
 j - a scroll of remove curse {unknown}
Potions
 l - a potion of flight {unknown}
Comestibles
 b - a chunk of flesh
 d - 4 rations


   Skills:
 + Level 0.1 Fighting
 + Level 2.0 Dodging
 + Level 2.8 Stealth
 + Level 3.2 Spellcasting
 + Level 0.1 Conjurations
   Level 1.1 Transmutations
 + Level 5.3 Earth Magic
   Level 0.1 Evocations


You had 6 spell levels left.
You knew the following spells:

 Your Spells              Type           Power        Failure   Level  Hunger
a - Sandblast             Erth           ###...       2%          1    #......
b - Stone Arrow           Conj/Erth      ##....       19%         3    ###....

Your spell library contained the following spells:

 Spells                   Type           Power        Failure   Level  Hunger
 Passwall                 Tmut/Erth      ##......     8%          2    ##.....
 Petrify                  Tmut/Erth      ##......     45%         4    #####..
 Lee's Rapid Deconstruct  Erth           ###.......   52%         5    ######.


Dungeon Overview and Level Annotations

Branches:
Dungeon (3/15)

Altars:

Annotations:
D:3 2 transporters, whitewolfNL's ghost, amateur TrBe


Innate Abilities, Weirdness & Mutations

You cannot be hasted, slowed, berserked, paralysed or teleported.
You can dig through walls and to a lower floor.
Your four strong arms can wield two-handed weapons with a shield.
You have a pair of large antennae on your head. (SInv)


Message History

* * * LOW HITPOINT WARNING * * *
You are more poisoned.
The adder poisons you!
Okay, then.
Unknown command.
A kobold comes into view.
* * * LOW HITPOINT WARNING * * *
You feel sick.
It was a potion of resistance.
You feel protected.
* * * LOW HITPOINT WARNING * * *
You feel sick. The adder barely misses you.
It was a potion of cancellation.
Your magical effects are unravelling.
You feel magically purged.
Your magical contamination has completely faded away.
Your resistance to elements expires.
* * * LOW HITPOINT WARNING * * *
You feel sick. The adder bites you.
You die...

### #.........# #...
.........# # ...#
#........##..
###..##............
.................>.
.........g.r.......
........{>gS.......
######.###S#..#..
#..###@#.###. .
######.###......... .(.
#.{{.{.# #......... ...#
#{###### #.......(.
....##.(#######.........
..#...<..(.....รท.......K
........................
......#.#####...........
........###...#.............


You could see 2 adders, a hobgoblin, a goblin, a kobold (sleeping) and a rat.

Vanquished Creatures
  A worker ant (D:3)
  4 adders
  An ooze (D:2)
  A worm (D:3)
  A dart slug (D:1)
  A leopard gecko (D:1)
  6 bats
  A giant cockroach (D:2)
  8 goblins
  6 hobgoblins
  A kobold (D:1)
  A quokka (D:2)
  A frilled lizard (D:1)
  6 rats
39 creatures vanquished.

Notes
Turn   | Place    | Note
-------+----------+-------------------------------------------
     0 | D:1      | doot the Formicid Earth Elementalist began the quest for
                  | the Orb.
     0 | D:1      | Reached XP level 1. HP: 13/13 MP: 3/3
   168 | D:1      | Reached skill level 4 in Earth Magic
   168 | D:1      | Reached XP level 2. HP: 19/19 MP: 3/5
   690 | D:1      | Reached XP level 3. HP: 24/24 MP: 3/6
  1250 | D:2      | Learned a level 3 spell: Stone Arrow
  1303 | D:2      | Reached skill level 5 in Earth Magic
  1364 | D:2      | Reached XP level 4. HP: 25/30 MP: 5/7
  1755 | D:3      | Found a transporter.
  1758 | D:3      | Noticed whitewolfNL's ghost (amateur TrBe)
  1781 | D:3      | Found a transporter.
  1898 | D:3      | Reached XP level 5. HP: 7/35 MP: 2/9
  1950 | D:3      | HP: 1/35 [poisoned by an adder]
  1950 | D:3      | Slain by an adder

Skill      XL: |  1  2  3  4 |
---------------+-------------+-----
Earth Magic    | 4 5 |  5.3
Dodging        | 2 |  2.0
Spellcasting   | 3 |  3.2
Fighting       | |  0.1
Stealth        | |  2.8
Conjurations   | |  0.1
Transmutations | |  1.1
Evocations     | |  0.1

Action                   |  1- 3 |  4- 6 || total
-------------------------+-------+-------++-------
Melee: Mace              |     8 |    12 ||    20
 Cast: Sandblast         |    41 |     4 ||    45
       Stone Arrow       |     1 |     8 ||     9
Evoke: Wand              |       |    14 ||    14
  Use: Potion            |     1 |     3 ||     4
       Scroll            |       |     1 ||     1
 Stab: Sleeping          |       |     1 ||     1
  Eat: Chunk             |     2 |     3 ||     5
Armor: Robe              |     4 |     1 ||     5
       Skin              |       |     7 ||     7
Dodge: Dodged            |    21 |    24 ||    45
